[Event "Live Chess"]
[Site "Chess.com"]
[Date "2023.05.21"]
[Round "-"]
[White "TheSmoulderingMaster"]
[Black "robotking06"]
[Result "1-0"]
[WhiteElo "1656"]
[BlackElo "308"]
[TimeControl "300"]
[EndTime "7:21:57 PDT"]
[Termination "TheSmoulderingMaster won by resignation"]

1. e4 c5 2. Nf3 Nf6 3. Nc3 d5 4. e5 Ne4 5. Bb5+ Bd7 6. Bd3 Nxc3 7. dxc3 d4 8. cxd4 cxd4 9. Nxd4 Bg4 10. Qxg4 Qxd4 11. Qxd4 1-0

[Event "Live Chess"]
[Site "Chess.com"]
[Date "2023.05.21"]
[Round "-"]
[White "Alfiedog12"]
[Black "JoeRoot66"]
[Result "0-1"]
[WhiteElo "870"]
[BlackElo "1903"]
[TimeControl "300"]
[EndTime "7:21:58 PDT"]
[Termination "JoeRoot66 won by resignation"]

1. d4 d5 2. Bf4 Nf6 3. Nf3 c5 4. e3 Nc6 5. c3 Qb6 6. Qc2 cxd4 7. exd4 Bf5 8. Qb3 Qxb3 9. axb3 a5 10. Nbd2 e6 11. Bc7 Rc8 12. Bb6 Bd6 13.
Bb5 O-O 14. O-O Ne4 15. Bxa5 Ra8 16. Bxc6 bxc6 17. Ne5 Nxd2 18. Rfe1 Nxb3 19. Ra4 Bxe5 20. dxe5 Rxa5 21. Rxa5 Nxa5 22. Ra1 Nc4 0-1

[Event "Live Chess"]
[Site "Chess.com"]
[Date "2023.05.21"]
[Round "-"]
[White "LanceMaster23"]
[Black "FlyingChessKestrel13"]
[Result "1/2-1/2"]
[WhiteElo "1964"]
[BlackElo "2069"]
[TimeControl "300"]
[EndTime "7:22:04 PDT"]
[Termination "Game drawn by repetition"]

1. Nf3 d5 2. d4 Nf6 3. Bf4 e6 4. e3 b6 5. Nbd2 Bb7 6. c3 Nbd7 7. Be2 Ne4 8. Nxe4 dxe4 9. Nd2 Bd6 10. Bg3 O-O 11. Qc2 f5 12. Bc4 Qe7 13. Qb3 Rfe8 14. O-O-O a5 15. a4 Nf6 16. Be2 Kh8 17.
Bxd6 cxd6 18. Qxb6 Reb8 19. Nc4 Bd5 20. Qxd6 Qb7 21.
Qa3 Qc6 22. Ne5 Qe8 23. Bb5 Qc8 24. c4 Rxb5 25. axb5 Bxc4 26. Nxc4 Qxc4+ 27. Kb1 Qxb5 28. Rc1 Rb8 29. Rc2 Nd5 30. Rhc1 h6 31. Rc8+ Rxc8 32. Rxc8+ Kh7 33. Rc1 Nb4 34. Qb3 Qe2 35. Qxe6 Qxf2 36. Rc8 Qf1+ 37. Rc1 Qd3+ 38. Ka1 Nc2+ 39. Rxc2 Qxc2 40. Qxf5+ Kg8 41. Qe6+ Kh7 42. Qf5+ Kg8 43. Qe6+ Kh7 44. Qf5+ 1/2-1/2

[Event "Live Chess"]
[Site "Chess.com"]
[Date "2023.05.21"]
[Round "-"]
[White "WilliWeisswurst"]
[Black "chessfiction"]
[Result "0-1"]
[WhiteElo "1768"]
[BlackElo "2308"]
[TimeControl "300"]
[EndTime "7:22:05 PDT"]
[Termination "chessfiction won by resignation"]

1. e4 d5 2. exd5 c6 3. Nf3 e5 4.
d3 Bg4 5. Be2 Bd6 6. h3 Bh5 7.
O-O Nf6 8. dxc6 Nxc6 9. Nc3 Qe7 10. Bg5 O-O-O 11. Nd5 Qe6 12. c4 h6 13. Be3 Nxd5 14. cxd5 Qxd5 15. Qa4 f5 16. Bxa7 e4 17. dxe4 fxe4 18. Bc4 Qa5 19. Be6+ Kc7 20. Qxa5+ Nxa5 21. Rac1+ Nc6 22. Nd4 Rde8 23. Nb5+ Kd8 24. Bb6+ Ke7 25.
Nxd6 Kxd6 26. Bb3 Be2 27. Rfe1 Bd3 28. Rcd1 Ne5 29. Rc1 Rc8 30. Bc5+ Rxc5 0-1

[Event "Live Chess"]
[Site "Chess.com"]
[Date "2023.05.21"]
[Round "-"]
[White "Crowded_House"]
[Black "AlanPaling"]
[Result "1-0"]
[WhiteElo "1605"]
[BlackElo "1372"]
[TimeControl "300"]
[EndTime "7:22:11 PDT"]
[Termination "Crowded_House won on time"]

1. d4 e5 2. dxe5 Nc6 3. Nf3 Qe7 4. Nbd2 Nxe5 5. Nxe5 Qxe5 6. Nf3 Qd6 7. Qxd6 Bxd6 8.
Bg5 h6 9. Bh4 g5 10. Bg3 Bxg3 11. hxg3 g4 12. Ne5 d6 13. Nd3 Bf5 14. e3 Nf6 15. Be2 O-O-O 16. c3 h5 17. Nf4 Bg6 18. Nxg6 fxg6 19. Bd3 Rhg8 20. O-O-O Kb8 21. Bc2 Rg7 22. Rd4 Re8 23. Rhd1 a6 24. Kb1 Nd7 25. Re4 Ne5 26. Bb3 Rf8 27. Rd2 g5 28. Bd5 Rg6 29. Rb4 b6 30.
Rbd4 Rgf6 31. Kc2 Rxf2 32. Be4 Rxd2+ 33. Rxd2 h4 34. gxh4 gxh4 35. Kd1 Rf1+ 36. Ke2 Ra1 37. a3 h3 38. gxh3 gxh3 39. Rd1 Rxd1 40. Kxd1 h2 41.
Ke1 Nc4 42. b3 Nxe3 43. Ke2 Ng4 44. Bh1 Ne5 45. Kf2 c6 46. Kg2 d5 47. Kxh2 Kc7 48.
Kg2 Kd6 49. Kf2 Nd3+ 50. Ke2 Nc5 51. b4 Na4 52. Kd3 c5 53. bxc5+ bxc5 54. Kc2 c4 55. Bg2 Kc5 56. Bf3 1-0

[Event "Live Chess"]
[Site "Chess.com"]
[Date "2023.05.21"]
[Round "-"]
[White "ClassyChameleon"]
[Black "YrrriKharkiv"]
[Result "0-1"]
[WhiteElo "1083"]
[BlackElo "2059"]
[TimeControl "300"]
[EndTime "7:22:17 PDT"]
[Termination "YrrriKharkiv won by resignation"]

1. e4 e6 2. Nf3 d5 3. e5 c5 4.
d4 cxd4 5. Nxd4 Nc6 6. Nxc6 bxc6 7. Be3 Qc7 8. Bd4 c5 9. Be3 Qxe5 10. Bb5+ Bd7 11.
Bxd7+ Kxd7 12. O-O Nf6 13. c3 Qc7 14. Nd2 Bd6 15. Nf3 Rab8 16. Rb1 Ke7 17. b4 cxb4 18. cxb4 Rxb4 19. Rxb4 Bxb4 20. Nd4 Rb8 21. a4 Kf8 22. Nb5 Qa5 23. Bxa7 Rxb5 24. axb5 Qxa7 25. Qb1 Bd6 26. b6 Qb7 27. Qb5 Ke7 28. Rc1 Nd7 29. Rb1 Bc5 30.
h4 Qxb6 31. Qxb6 Bxb6 32. g4 Bd4 33. Kg2 h6 34. f3 g5 35. h5 Ne5 36. Kf1 Be3 37.
Ke2 Bf4 38. Rb7+ Kf6 39. Rb8 d4 40. Rh8 d3+ 41. Kd1 Kg7 42. Rc8 Nxf3 43. Rc3 Ne5 44. Rc7 Nxg4 45. Rc3 Ne5 46. Ra3 g4 47. Ra2 Kf6 48.
Rf2 Kg5 49. Rf1 g3 50. Rg1 Kxh5 51. Rh1+ Kg4 52. Rg1 h5 53. Ke1 Nf3+ 54. Kd1 Nxg1 55. Ke1 d2+ 56. Kd1 Kf3 57. Kc2 Ke2 58. Kc3 d1=Q 0-1

[Event "Live Chess"]
[Site "Chess.com"]
[Date "2023.05.21"]
[Round "-"]
[White "Bill0007"]
[Black "Inglaterra"]
[Result "0-1"]
[WhiteElo "1477"]
[BlackElo "2051"]
[TimeControl "300"]
[EndTime "7:22:24 PDT"]
[Termination "Inglaterra won by resignation"]

1. d4 Nf6 2. Nc3 d5 3. Bf4 c6 4.
e3 Bf5 5. f3 e6 6. g4 Bg6 7. h4 h5 8. g5 Nfd7 9. Nh3 Bf5 10. Qd2 c5 11. Bd3 Bxd3 12. cxd3 a6 13.
Bg3 cxd4 14. exd4 Nc6 15. Qe3 g6 16. O-O Bg7 17. Ne2 O-O 18. Nhf4 Qb6 19. Bf2 Kh7 20. Rab1 Rae8 21. Rfe1 f6 22. gxf6 Bxf6 23. a3 Nxd4 24. Nxd4 Bxd4 25. Qxd4 Qxd4 26. Bxd4 Rxf4 27. Bc3 Rxf3 28.
Kg2 Rf4 29. Kg3 Rg4+ 30. Kh3 Nc5 31. Re3 d4 0-1

[Event "Live Chess"]
[Site "Chess.com"]
[Date "2023.05.21"]
[Round "-"]
[White "zdanevych"]
[Black "Duke_of_Bebington"]
[Result "0-1"]
[WhiteElo "1491"]
[BlackElo "1559"]
[TimeControl "300"]
[EndTime "7:22:26 PDT"]
[Termination "Duke_of_Bebington won by resignation"]

1. d4 d5 2. c4 c6 3. Nc3 e5 4. dxe5 d4 5. Ne4 Qa5+ 6. Bd2 Qxe5 7. Nf3 Qxe4 8. e3 c5 9. Be2 Bd6 10. exd4 cxd4 11. O-O Nf6 12. Qa4+ Bd7 13. Qd1 O-O 14. Re1 Nc6 15. Ng5 Qg6 16. h4 h6 17. Nf3 Rfe8 18. Bf1 Rxe1 19. Qxe1 Re8 20. Qc1 Bg4 21. Nh2 Bxh2+ 22. Kxh2 Be2 23. Bxe2 Rxe2 24. Bf4 Ng4+ 25. Kg1 Nxf2 26. Kh2 Nd3 27. Qf1 Nxf4 0-1

[Event "Live Chess"]
[Site "Chess.com"]
[Date "2023.05.21"]
[Round "-"]
[White "wadsy27"]
[Black "OleksiyJr1"]
[Result "1-0"]
[WhiteElo "2545"]
[BlackElo "1040"]
[TimeControl "300"]
[EndTime "7:22:26 PDT"]
[Termination "wadsy27 won by resignation"]

1. c4 Nf6 2. g3 e5 3. Bg2 Nc6 4. Nc3 d6 5. Nf3 Bd7 6. O-O Be7 7. d4 exd4 8. Nxd4 Nxd4 9. Qxd4 O-O 10. Bxb7 Rb8 11.
Bg2 c5 12. Qd2 Be6 13. b3 Qd7 14. Bb2 Rbd8 15. Rad1 Rfe8 16. Nd5 Nxd5 17. Bxd5 Bxd5 18. Qxd5 Bf8 19. e3 Re5 20. Bxe5 dxe5 21. Qxd7 Rxd7 22.
Rxd7 Bd6 1-0

[Event "Live Chess"]
[Site "Chess.com"]
[Date "2023.05.21"]
[Round "-"]
[White "MarkLim1"]
[Black "WelshTiger"]
[Result "0-1"]
[WhiteElo "1705"]
[BlackElo "2334"]
[TimeControl "300"]
[EndTime "7:22:31 PDT"]
[Termination "WelshTiger won by resignation"]

1. e4 c5 2. Nf3 d6 3. Bb5+ Nd7 4. a4 a6 5. Be2 g6 6. O-O Bg7 7. Re1 e5 8. c3 Ne7 9. d3 O-O 10. Bg5 f6 11. Be3 Qc7 12. Qd2 d5 13. Bh6 d4 14.
Bxg7 Kxg7 15. Rc1 dxc3 16. Nxc3 Qd6 17. Ne1 Rd8 18. Nc2 Nf8 19. Ne3 Be6 20. Rd1 Rac8 21. Bf3 Bb3 22. Rdc1 Qxd3 23. Qxd3 Rxd3 24. Ned5 Nxd5 25.
exd5 f5 26. Ra3 c4 27. Be2 Rd4 28. Bd1 Bxd1 29. Rxd1 Rxd1+ 30. Nxd1 Nd7 31. Kf1 Kf6 32.
Ke2 e4 33. g3 Ke5 34. Ne3 Nf6 35. Rc3 b5 36. axb5 axb5 37. b3 Nxd5 38. Nxd5 Kxd5 39. bxc4+ Rxc4 40. Ra3 Kd4 41. Ra8 Rc2+ 42. Ke1 b4 43. Rd8+ Kc3 44. Kd1 Rxf2 45. Rc8+ Kb2 46. Rb8 b3 0-1

[Event "Live Chess"]
[Site "Chess.com"]
[Date "2023.05.21"]
[Round "-"]
[White "Ra2orLeaf"]
[Black "CocheseUK"]
[Result "1-0"]
[WhiteElo "1144"]
[BlackElo "1039"]
[TimeControl "300"]
[EndTime "7:22:33 PDT"]
[Termination "Ra2orLeaf won by resignation"]

1. d4 d5 2. Nf3 Nc6 3. e3 e6 4.
Bd3 Nf6 5. Nbd2 Bd6 6. c4 dxc4 7.
Nxc4 Bb4+ 8. Bd2 Bxd2+ 9. Qxd2 O-O 10. O-O Bd7 11. Nce5 Nxe5 12. dxe5 Nd5 13. Ng5 h6 14. Nh3 f6 15. exf6 Nxf6 16. Rac1 Bc6 17. Rfd1 Qd5 18. Nf4 Qxa2 19. Nxe6 Rfe8 20. Nxc7 Rf8 21. Nxa8 Rxa8 22. Bc4+ Qxc4 23. Rxc4 Ne4 24. Qb4 Rf8 25. Rxe4 Bxe4 26.
Qxe4 1-0

[Event "Live Chess"]
[Site "Chess.com"]
[Date "2023.05.21"]
[Round "-"]
[White "WilliamofOrange16th"]
[Black "LaupMiths"]
[Result "0-1"]
[WhiteElo "1858"]
[BlackElo "1818"]
[TimeControl "300"]
[EndTime "7:22:41 PDT"]
[Termination "LaupMiths won by resignation"]

1. e4 c5 2. b4 cxb4 3. a3 e6 4.
axb4 Bxb4 5. c3 Be7 6. d4 d5 7.
Bd3 dxe4 8. Bxe4 Nf6 9. Bd3 O-O 10. Nf3 Bd7 11. O-O Bc6 12. Ne5 Qd5 13. Nxc6 Nxc6 14. Be3 a6 15. Nd2 b5 16. c4 bxc4 17.
Bxc4 Qd7 18. Rxa6 Nxd4 19. Rxa8 Rxa8 20. Nf3 Nxf3+ 21. Qxf3 Rc8 22. Rd1 Qc6 23. Qxc6 Rxc6 24. Bb5 Rd6 25. Ra1 h6 26. Kf1 Nd5 27. Bc5 Rd8 28.
Bxe7 Nxe7 29. Ra7 Nf5 30. Ba4 g6 31. g3 Kg7 32. Bb3 Kf6 33. f4 h5 34. Ra2 Rd3 35. Bc4 Rd1+ 36. Kf2 Rh1 37. Kg2 Rd1 38. Be2 Rc1 39. h3 Nd4 40. Bd3 Rc3 41. Be4 Re3 42. Bb7 Re2+ 43. Rxe2 Nxe2 44. Kf3 Nd4+ 45. Ke4 Nf5 46.
g4 hxg4 47. hxg4 Nd6+ 0-1

[Event "Live Chess"]
[Site "Chess.com"]
[Date "2023.05.21"]
[Round "-"]
[White "Delacorta"]
[Black "Biranidun"]
[Result "0-1"]
[WhiteElo "1377"]
[BlackElo "2518"]
[TimeControl "300"]
[EndTime "7:22:49 PDT"]
[Termination "Biranidun won by resignation"]

1. d4 Nf6 2. Nf3 g6 3. e3 Bg7 4. c4 O-O 5. Nc3 c5 6. d5 d6 7.
h3 e6 8. e4 exd5 9. exd5 Re8+ 10. Be2 Bf5 11. O-O Nbd7 12. Bg5 h6 13. Be3 Ne4 14.
Rc1 Nxc3 15. bxc3 Nf6 16. Rb1 Bxb1 17. Qxb1 Qb6 18. Qc2 Qa5 19. Bd3 Re7 20. Nh4 Rae8 21. Bxg6 fxg6 22. Nxg6 Rf7 0-1

[Event "Live Chess"]
[Site "Chess.com"]
[Date "2023.05.21"]
[Round "-"]
[White "hturner40"]
[Black "AttackingSnowLeopard"]
[Result "1-0"]
[WhiteElo "1775"]
[BlackElo "2156"]
[TimeControl "300"]
[EndTime "7:22:50 PDT"]
[Termination "hturner40 won by resignation"]

1. g3 d5 2. Nf3 Nf6 3. Bg2 Bg4 4.
Ne5 Bf5 5. c4 e6 6. Qb3 b6 7. Qa4+ Nbd7 8. Nc6 Qc8 9. cxd5 exd5 10. d4 Bd6 11. Nc3 Be6 12. e4 dxe4 13. Nxe4 Nxe4 14.
Bxe4 O-O 15. Bf4 Bxf4 16. Ne7+ Kh8 17. Nxc8 Raxc8 18. gxf4 Nf6 19. Bf3 Rfe8 20. O-O Nd5 21. Bxd5 Bxd5 22. Rfe1 c6 23. Re3 Rxe3 24. fxe3 Re8 25.
Kf2 Re6 26. Rg1 h6 27. Qxa7 1-0

[Event "Live Chess"]
[Site "Chess.com"]
[Date "2023.05.21"]
[Round "-"]
[White "Vedant-1411"]
[Black "Ian-Morley"]
[Result "0-1"]
[WhiteElo "843"]
[BlackElo "1082"]
[TimeControl "300"]
[EndTime "7:22:51 PDT"]
[Termination "Ian-Morley won by checkmate"]

1. d4 e5 2. dxe5 Nc6 3. Nf3 Qe7 4. Nc3 b6 5. Bf4 Qb4 6. a3 Qxb2 7. Nd5 Kd8 8. e6 dxe6 9. Nxc7+ Bd7 10. Nxa8 Bxa3 11. Be5 Bb4+ 12. Bc3 Bxc3+ 13. Nd2 Nb4 14. Rxa7 Nxc2+ 15. Qxc2 Qxc2 16. Nxb6 Qxd2# 0-1

[Event "Live Chess"]
[Site "Chess.com"]
[Date "2023.05.21"]
[Round "-"]
[White "robotking06"]
[Black "JoeRoot66"]
[Result "0-1"]
[WhiteElo "308"]
[BlackElo "1903"]
[TimeControl "300"]
[EndTime "7:22:57 PDT"]
[Termination "JoeRoot66 won by checkmate"]

1. e4 c6 2. e5 d5 3. e6 Bxe6 4. Bc4 dxc4 5. Qg4 Bxg4 6. f3 Bf5 7. g4 Bg6 8. f4 e5 9. f5 Qh4+ 10. Ke2 Qxg4+ 11. Ke3 Qf4+ 12. Ke2 Bh5+ 13. Ke1 Bc5 14. Nf3 Qxf3 15. Rf1 Qe2# 0-1

[Event "Live Chess"]
[Site "Chess.com"]
[Date "2023.05.21"]
[Round "-"]
[White "onemoretime1975"]
[Black "ProfPoisson"]
[Result "1-0"]
[WhiteElo "1841"]
[BlackElo "1218"]
[TimeControl "300"]
[EndTime "7:23:00 PDT"]
[Termination "onemoretime1975 won by resignation"]

1. e4 e5 2. Nf3 Nf6 3. Nc3 Nc6 4. Bb5 Bc5 5. d3 Nd4 6. Nxd4 exd4 7. Ne2 O-O 8. O-O a6 9. Ba4 b5 10. Bb3 d5 11. exd5 Nxd5 12. Nf4 Nxf4 13. Bxf4 Bd6 14.
Qf3 Be6 15. Bxd6 Qxd6 16. Rfe1 Bxb3 17. axb3 c5 18. Re4 a5 19. Rae1 a4 20. bxa4 Rxa4 21.
Re8 Ra8 22. Rxa8 1-0

[Event "Live Chess"]
[Site "Chess.com"]
[Date "2023.05.21"]
[Round "-"]
[White "McSlash1"]
[Black "PiotrD11"]
[Result "1-0"]
[WhiteElo "2014"]
[BlackElo "1368"]
[TimeControl "300"]
[EndTime "7:23:06 PDT"]
[Termination "McSlash1 won on time"]

1. e4 d5 2. exd5 Nf6 3. d4 Nxd5 4. c4 Nf6 5. Nf3 Bf5 6. Bd3 Bxd3 7. Qxd3 e6 8. O-O Be7 9. Nc3 c6 10. Bf4 Nbd7 11. b3 O-O 12. Rad1 Qa5 13. Ne4 Nxe4 14. Qxe4 Nf6 15. Qc2 Rad8 16. Be5 Ng4 17. Bf4 Nf6 18. h3 Nh5 19. Bg5 Bxg5 20. b4 Qxb4 21. Nxg5 Nf6 22. Rb1 Qe7 23. Rfe1 h6 24. Nf3 Rd7 25. Ne5 Rxd4 26.
Rbd1 Rfd8 27. Rxd4 Rxd4 28. Qa4 a6 29. Qb3 Rd8 30.
Rb1 Qc5 31. Nf3 Ne4 32. Rb2 b5 33. cxb5 cxb5 34. g3 Qc1+ 35. Kg2 Qc6 36. Rc2 Qb7 37. Kh2 a5 38. a4 b4 39. Qc4 Nd6 40. Qf4 Nf5 41. Rc7 Qd5 42. Ne5 Rd6 43. Nxf7 b3 44. Nxd6 Nxd6 45. Rd7 b2 46. Rxd6 Qxd6 47. Qxd6 b1=Q 48. Qxe6+ Kh7 49. Qe5 1-0

[Event "Live Chess"]
[Site "Chess.com"]
[Date "2023.05.21"]
[Round "-"]
[White "raminguy"]
[Black "SupremeTactician"]
[Result "0-1"]
[WhiteElo "1956"]
[BlackElo "2220"]
[TimeControl "300"]
[EndTime "7:23:12 PDT"]
[Termination "SupremeTactician won by resignation"]

1. d4 Nf6 2. Nc3 e6 3. e4 d5 4. Bg5 dxe4 5. Nxe4 Be7 6. Bxf6 Bxf6 7. c3 Nc6 8. Nf3 O-O 9. Bd3 Bd7 10. h4 Be7 11. h5 f5 12. Ng3 Bd6 13. h6 g6 14. Qd2 e5 15. Bc4+ Kh8 16. dxe5 Nxe5 17. Nxe5 Bxe5 18.
O-O-O Bc6 19. Qe2 Qf6 20. Rhe1 Bxg3 21. fxg3 Qg5+ 22. Kb1 Qxh6 23. Rh1 Qg7 24. Rh3 Rae8 25. Qc2 Be4 26. Bd3 Rd8 27. Bxe4 Rxd1+ 28. Qxd1 fxe4 29. Qe2 Re8 30. Rh4 e3 31. Rf4 Qd7 32. Rf3 Kg7 33.
Rxe3 0-1

[Event "Live Chess"]
[Site "Chess.com"]
[Date "2023.05.21"]
[Round "-"]
[White "SimonB4a"]
[Black "Bob2pen"]
[Result "1/2-1/2"]
[WhiteElo "2167"]
[BlackElo "1849"]
[TimeControl "300"]
[EndTime "7:23:21 PDT"]
[Termination "Game drawn by agreement"]

1. d4 Nf6 2. c4 c5 3. d5 e6 4. Nc3 exd5 5. cxd5 d6 6. e4 g6 7. f4 Bg7 8. Nf3 O-O 9. Be2 Bg4 10. O-O a6 11. a4 Nbd7 12. h3 Bxf3 13. Bxf3 Rb8 14.
a5 b5 15. axb6 Rxb6 16. g4 Qb8 17. Qd3 Rc8 18. g5 Ne8 19. e5 c4 20. Qc2 dxe5 21.
f5 Nd6 22. fxg6 hxg6 23. Ne4 Nxe4 24. Bxe4 Nc5 25. Ra5 Nb3 26. Ra4 Nxc1 27. Qxc1 Rxb2 28. Rxc4 Rxc4 29. Qxc4 Qb6+ 30. Kh1 Qe3 31. Bg2 Qg3 32. Qe4 Rd2 33. Rg1 Rd4 34. Qb1 Rh4 35. Qb8+ Kh7 36.
Qc8 e4 37. Qd7 Qf4 38. Rf1 Qxg5 39. Rxf7 Qh6 40. d6 e3 41. Qe7 Rd4 42. d7 e2 43.
Qxe2 Qc1+ 44. Kh2 Qc7+ 45. Kh1 Rxd7 46. Rxd7 Qxd7 47. Qg4 Qxg4 48. hxg4 a5 49. Bc6 Kh6 50.
Kg2 Kg5 51. Kf3 Bc3 52. Be8 Bb4 53. Bd7 Bc3 1/2-1/2

[Event "Live Chess"]
[Site "Chess.com"]
[Date "2023.05.21"]
[Round "-"]
[White "Conradical12"]
[Black "youtookmyhorse"]
[Result "0-1"]
[WhiteElo "1538"]
[BlackElo "747"]
[TimeControl "300"]
[EndTime "7:23:30 PDT"]
[Termination "youtookmyhorse won by resignation"]

1. e4 c6 2. Nf3 d5 3. d4 e6 4. exd5 cxd5 5. c4 Nf6 6. Nc3 Bb4 7. Qa4+ Nc6 8. Bd2 Qa5 9. Qxa5 Nxa5 10. O-O-O Bd7 11. Ne5 Bxc3 12. Bxc3 Nxc4 13. Nxc4 dxc4 14. Bxc4 O-O 15. Bd3 Rac8 16. f3 Nd5 17. Kc2 Ba4+ 18. b3 Bd7 19. Bc4 Bb5 20. Bxb5 Rxc3+ 21. Kd2 Rfc8 22.
Bc4 b5 23. Bxd5 Rc2+ 24. Ke3 R8c3+ 25. Kf4 exd5 26. Rhe1 h6 27. Kf5 Rxg2 28. Re8+ Kh7 29. h4 Rxf3+ 30. Ke5 Re2+ 31. Kxd5 Rxe8 0-1

[Event "Live Chess"]
[Site "Chess.com"]
[Date "2023.05.21"]
[Round "-"]
[White "luckywookie"]
[Black "martynstanley"]
[Result "0-1"]
[WhiteElo "814"]
[BlackElo "1011"]
[TimeControl "300"]
[EndTime "7:23:35 PDT"]
[Termination "martynstanley won by checkmate"]

1. e4 e6 2. Nf3 d5 3. exd5 exd5 4.
d4 c5 5. Bb5+ Nc6 6. O-O a6 7.
Re1+ Ne7 8. Bxc6+ bxc6 9. Bg5 Bb7 10. Re3 f6 11. Bf4 cxd4 12. Nxd4 c5 13. Nf5 d4 14.
Re4 Bxe4 15. Nxe7 Bxe7 16. Qe2 Bb7 17. Nd2 Qd5 18. f3 Qd7 19. Re1 O-O 20. Qc4+ Qd5 21. Qxd5+ Bxd5 22. Rxe7 Rae8 23. Rxe8 Rxe8 24. Kf2 g5 25.
Bd6 c4 26. Bc5 d3 27. cxd3 cxd3 28. Bd4 f5 29. b3 Re2+ 30. Kg3 Rxd2 31. f4 g4 32. a4 Bxb3 33. Kh4 Bxa4 34. Kg5 Bd7 35. h3 Rxg2 36. hxg4 Rxg4+ 37. Kh5 Rxf4 38. Be5 Re4 39. Bf6 Kf7 40. Bg5 a5 41. Kh6 a4 42. Bd2 a3 43. Bc3 Rc4 44. Bd4 Rxd4 45. Kg5 d2 46. Kh6 d1=Q 47. Kg5 Qg1+ 48. Kh5 Qg6# 0-1

[Event "Live Chess"]
[Site "Chess.com"]
[Date "2023.05.21"]
[Round "-"]
[White "GEMdzq"]
[Black "Doge_Dandolo"]
[Result "0-1"]
[WhiteElo "2222"]
[BlackElo "1892"]
[TimeControl "300"]
[EndTime "7:23:40 PDT"]
[Termination "Doge_Dandolo won on time"]

1. e4 c6 2. d4 d5 3. e5 Bf5 4. h4 h5 5. c4 e6 6. Nc3 dxc4 7. Bxc4 Nd7 8. Bd3 Bxd3 9. Qxd3 Be7 10. Nf3 c5 11. d5 exd5 12. Nxd5 Nh6 13. Nxe7 Qxe7 14. O-O Rd8 15. Bg5 f6 16. exf6 Nxf6 17. Qb3 Kf8 18. Rfe1 Qf7 19. Qc3 b6 20. Ne5 Qe8 21. Qb3 Rd4 22.
Nf3 Re4 23. Rxe4 Qxe4 24. Rd1 Qe7 25. Bf4 Nf5 26. Ng5 Nd4 27. Qc4 Ne2+ 28. Kh2 Nxf4 29.
Qxf4 Rh6 30. Qb8+ Ne8 31. Rd8 Rf6 32. Nh7+ Kf7 33. Nxf6 Nxf6 34. Rc8 Kg6 35. Qg3+ Kh7 36. Rc7 Ng4+ 37. Kh3 Qf6 38. Qd3+ Kh6 39. Kg3 Qxf2+ 40. Kh3 Qf6 41. Qd2+ Kh7 42. Rd7 Nf2+ 43. Kg3 Ne4+ 0-1

[Event "Live Chess"]
[Site "Chess.com"]
[Date "2023.05.21"]
[Round "-"]
[White "OleksiyJr1"]
[Black "Inglaterra"]
[Result "0-1"]
[WhiteElo "1040"]
[BlackElo "2051"]
[TimeControl "300"]
[EndTime "7:23:46 PDT"]
[Termination "Inglaterra won by resignation"]

1. e4 c5 2. Nf3 e6 3. Bc4 a6 4.
Nc3 Nc6 5. d4 cxd4 6. Nxd4 Qc7 7. Nxc6 Qxc6 8. b3 b5 9. Bd3 Qxc3+ 10. Qd2 Qxa1 11. Qf4 0-1

[Event "Live Chess"]
[Site "Chess.com"]
[Date "2023.05.21"]
[Round "-"]
[White "Mugzwang"]
[Black "Pandreq"]
[Result "0-1"]
[WhiteElo "1448"]
[BlackElo "1228"]
[TimeControl "300"]
[EndTime "7:23:48 PDT"]
[Termination "Pandreq won by resignation"]

1. Nf3 d5 2. c4 c6 3. g3 Bf5 4. Bg2 e6 5. O-O Bc5 6. Qb3 b6 7. d4 Bd6 8. Nc3 Ne7 9. Bg5 O-O 10. cxd5 cxd5 11. Nb5 Qd7 12. Rac1 Nbc6 13. Nxd6 Qxd6 14. Bf4 Qd7 15. Ne5 Nxe5 16. Bxe5 Nc6 17. Bf4 Nxd4 18. Qd1 Rfc8 19. Be5 Rxc1 20. Qxd4 Rxf1+ 21. Bxf1 f6 22. Bf4 e5 23. Bxe5 fxe5 24. Qxe5 Qe6 25. Qc7 Qc8 26.
Qf4 g6 27. Qd4 Qc4 28. Qe5 Rf8 29. h4 Qe4 30. Qd6 Qb1 31. Qxd5+ Rf7 32. Kg2 Be4+ 33. f3 Bxd5 0-1

[Event "Live Chess"]
[Site "Chess.com"]
[Date "2023.05.21"]
[Round "-"]
[White "wot-not"]
[Black "Hussamalhaidar"]
[Result "0-1"]
[WhiteElo "1536"]
[BlackElo "1152"]
[TimeControl "300"]
[EndTime "7:23:48 PDT"]
[Termination "Hussamalhaidar won by resignation"]

1. e4 e6 2. Nf3 c6 3. d4 d5 4. exd5 Qa5+ 5. Nc3 cxd5 6. Bb5+ Bd7 7. Bxd7+ Nxd7 8.
O-O Bb4 9. Bd2 Ngf6 10. a3 Bxc3 11. Bxc3 Qc7 12. Ne5 Nxe5 13. dxe5 Ne4 14. Bb4 Rc8 15. c3 a5 16. f3 Qb6+ 17. Kh1 Nf2+ 18. Rxf2 Qxf2 19.
Bd6 Qxb2 20. Rb1 Qxc3 21. Rxb7 Qc1 22. Re7+ Kd8 0-1

[Event "Live Chess"]
[Site "Chess.com"]
[Date "2023.05.21"]
[Round "-"]
[White "Ferrarifan27"]
[Black "LiamClery2020"]
[Result "0-1"]
[WhiteElo "2046"]
[BlackElo "1983"]
[TimeControl "300"]
[EndTime "7:23:51 PDT"]
[Termination "LiamClery2020 won by checkmate"]

1. e4 Nf6 2. Nc3 e5 3. Bc4 Nc6 4.
Nf3 Nxe4 5. Nxe4 d5 6. Bb5 dxe4 7. Nxe5 Qd5 8. Bxc6+ bxc6 9. Ng4 Bc5 10. O-O f5 11.
Ne3 Qf7 12. d3 Ba6 13. Re1 O-O 14. dxe4 fxe4 15. f3 exf3 16. Qxf3 Qxf3 17. gxf3 Rxf3 18. Kg2 Raf8 19. Ng4 Bc8 20. Ne5 Bh3+ 21. Kh1 Rf1+ 22. Rxf1 Rxf1# 0-1

[Event "Live Chess"]
[Site "Chess.com"]
[Date "2023.05.21"]
[Round "-"]
[White "Cimon"]
[Black "domrobson"]
[Result "1-0"]
[WhiteElo "1845"]
[BlackElo "1744"]
[TimeControl "300"]
[EndTime "7:23:56 PDT"]
[Termination "Cimon won by resignation"]

1. Nf3 Nf6 2. c4 e6 3. d4 d5 4. Nc3 c6 5. Bg5 Nbd7 6. e3 Qa5 7. Be2 dxc4 8. O-O Bb4 9. Qc2 Bxc3 10. bxc3 O-O 11.
Bxc4 b5 12. Bd3 h6 13. Bh4 a6 14. e4 c5 15. a4 Qc7 16. axb5 cxd4 17. cxd4 Bb7 18.
Qxc7 1-0

[Event "Live Chess"]
[Site "Chess.com"]
[Date "2023.05.21"]
[Round "-"]
[White "Olisingapore"]
[Black "FailsGambits"]
[Result "1/2-1/2"]
[WhiteElo "1785"]
[BlackElo "1337"]
[TimeControl "300"]
[EndTime "7:24:01 PDT"]
[Termination "Game drawn by repetition"]

1. d4 d5 2. c4 e6 3. Nf3 Nf6 4. g3 g6 5. Bg2 Bg7 6. O-O O-O 7. Qc2 Bd7 8. Ne5 Nc6 9. Rd1 Re8 10. Nc3 Ne7 11.
Bg5 c6 12. e4 h6 13. Bxf6 Bxf6 14. cxd5 cxd5 15. exd5 Rc8 16. Nxd7 Qxd7 17. dxe6 Qxe6 18. d5 Qd7 19. Qd2 Red8 20. Qxh6 Bxc3 21. bxc3 Rxc3 22. d6 Nc6 23. h4 Qe6 24. h5 Rxd6 25. Rxd6 Qxd6 26.
hxg6 Qxg6 27. Qxg6+ fxg6 28. Rb1 b6 29. Bd5+ Kg7 30.
Bxc6 Rxc6 31. a4 Rc4 32. a5 bxa5 33. Ra1 a4 34. Kf1 a5 35. Ke2 Rc2+ 36. Ke3 Rc3+ 37.
Kd2 Rc4 38. Kd3 Rb4 39. Kc2 Kf6 40. Rb1 Kg5 41. f3 a3 42. Rxb4 axb4 43. Kb3 Kf5 44. Ka2 Kg5 45. Kb3 Kf5 46. Ka2 Kg5 47. Ka1 Kf5 48.
Ka2 1/2-1/2

[Event "Live Chess"]
[Site "Chess.com"]
[Date "2023.05.21"]
[Round "-"]
[White "WilliamofOrange16th"]
[Black "Biranidun"]
[Result "0-1"]
[WhiteElo "1858"]
[BlackElo "2518"]
[TimeControl "300"]
[EndTime "7:24:03 PDT"]
[Termination "Biranidun won by resignation"]

1. e4 c5 2. b4 cxb4 3. a3 d5 4. exd5 Qxd5 5. Nf3 e5 6. axb4 Bxb4 7. c3 Bd6 8. Na3 Nc6 9. Nb5 Bb8 10. d3 Qxb5 11.
d4 Qd5 12. c4 Qe4+ 13. Be2 exd4 0-1

[Event "Live Chess"]
[Site "Chess.com"]
[Date "2023.05.21"]
[Round "-"]
[White "Duke_of_Bebington"]
[Black "LaupMiths"]
[Result "0-1"]
[WhiteElo "1556"]
[BlackElo "1821"]
[TimeControl "300"]
[EndTime "7:24:13 PDT"]
[Termination "LaupMiths won by resignation"]

1. e4 c5 2. c3 Nf6 3. e5 Nd5 4. d4 cxd4 5. cxd4 Nc6 6. a4 d6 7.
Nf3 e6 8. Bc4 dxe5 9. Nxe5 Nxe5 10. dxe5 Qc7 11. b3 Qxe5+ 12. Kf1 Qxa1 13. Bxd5 exd5 14.
Qe2+ 0-1